 Dungeon Crawl Stone Soup version 0.31.0-1-g2c135a0 (webtiles) character file.

Game seed: 13555015889988782638

20 jagoly the Conjurer (level 2, -2/18 HPs)
             Began as an Octopode Conjurer on Jan 24, 2024.
             Slain by a gnoll
             ... wielding a +0 spear
              (5 damage)
             ... on level 1 of the Dungeon.
             The game lasted 00:03:04 (352 turns).

jagoly the Conjurer (Octopode Conjurer)              Turns: 352, Time: 00:03:05

Health: -2/18      AC:  1    Str:  6    XL:     2   Next: 79%
Magic:  0/5        EV: 13    Int: 20    God:
Gold:   33         SH:  0    Dex: 10    Spells: 4/5 levels left

rFire   . . .        g - +0 dagger (flame)
rCold   . . .        (no shield)
rNeg    . . .        (helmet restricted)
rPois   .            (no amulet)
rElec   .            (no ring)
rCorr   .            (no ring)
SInv    .            (no ring)
Will    .....        (no ring)
Stlth   +++          (no ring)
HPRegen 0.23/turn    (no ring)
MPRegen 0.09/turn    (no ring)
                     (no ring)

%: no passive effects
@: no status effects
A: almost no armour, amphibious, 8 rings, camouflage 1, gelatinous body 1,
(nimble swimmer 1), tentacles
a: no special abilities


You were on level 1 of the Dungeon.
You visited 1 branch of the dungeon, and saw 2 of its levels.

You collected 33 gold pieces.

Inventory:

Hand Weapons
 g - a +0 dagger of flaming (weapon)
Missiles
 e - 8 stones (quivered)
Scrolls
 b - a scroll of fear {unknown}
 c - a scroll of enchant armour {unknown}
 f - a scroll of teleportation {unknown}
Potions
 a - 2 potions of magic


   Skills:
 + Level 1.1 Fighting
 - Level 2.0 Dodging
 - Level 3.0 Stealth
 - Level 2.0 Spellcasting
 * Level 4.4 Conjurations


You had 4 spell levels left.
You knew the following spells:

 Your Spells              Type           Power      Damage    Failure   Level
a - Magic Dart            Conj           76%        1d6       2%          1

Your spell library contained the following spells:

 Spells                   Type           Power      Damage    Failure   Level
 Searing Ray              Conj           38%        2d5       3%          2
 Blink                    Tloc           4%         N/A       24%         2
 Call Imp                 Summ           4%         N/A       24%         2
 Ozocubu's Armour         Ice            2%         N/A       43%         3
 Fulminant Prism          Conj/Alch      5%         3d7       54%         4
 Iskenderun's Mystic Bla  Conj/Tloc      10%        2d4       54%         4
 Metabolic Englaciation   Hex/Ice        1%         N/A       99%         5
 Sculpt Simulacrum        Ice/Alch       1%         N/A       100%        6


Dungeon Overview and Level Annotations

Branches:
Dungeon (2/15) Zot: 11647

Altars:

Annotations:
D:2 Robin


Innate Abilities, Weirdness & Mutations

You cannot wear most types of armour.
You are amphibious.
You can wear up to eight rings at the same time.
Your skin changes colour to match your surroundings (Stealth+).
Your rubbery body absorbs attacks. (AC +1, EV +1)
((You are camouflaged when in or above water. (Stealth+)))
You have tentacles for arms and can constrict up to eight enemies at once.


Message History

Welcome, jagoly the Octopode Conjurer.
The splendid Orb of Zot lies far below, as if waiting for you to find it.
Press ? for a list of commands and other information.
Found a staircase leading out of the dungeon.
Unknown command.
Found a ring mail.
Found a scroll labelled ZAPNOIHICW.
You enter the shallow water.
Found a scroll labelled PEGAG YKESSAN.
b - a scroll labelled ZAPNOIHICW You enter the shallow water.
c - a scroll labelled PEGAG YKESSAN
Found 8 gold pieces.
Found 10 gold pieces.
You now have 8 gold pieces.
You now have 18 gold pieces (gained 10).
A bat comes into view.
A bat is nearby!
Cast which spell? (? or * to list)
Aiming: Magic Dart (safe; 3% risk of failure)
Press: ? - help, Shift-Dir - straight line, f - bat
Aim: a bat (asleep, 100% to hit)
The magic dart hits the bat.
The bat is severely wounded.
The bat hits you. x2
The bat closely misses you.
You tentacle-slap the bat but do no damage.
You grab the bat. Your squeeze misses the bat.
The bat is severely wounded.
You constrict the bat, but do no damage.
The bat closely misses you.
The bat struggles to escape constriction.
The bat hits you but does no damage.
You tentacle-slap the bat but do no damage.
The bat is severely wounded.
You constrict the bat, but do no damage.
The bat barely misses you. The bat misses you. The bat barely misses you.
You tentacle-slap the bat but do no damage.
The bat is severely wounded.
You constrict the bat.
You kill the bat!
No target in view!
Magic restored.
Found a robe.
You see here a +0 robe.
Found a leather armour.
A ball python comes into view.
You see here a +0 leather armour.
A ball python is nearby!
Found a book of Minor Magic.
Cast which spell? (? or * to list)
Aiming: Magic Dart (safe; 3% risk of failure)
Press: ? - help, Shift-Dir - straight line, f - ball python
Aim: a ball python (asleep, 100% to hit)
The magic dart hits the ball python.
The ball python is moderately wounded.
You closely miss the ball python. You grab the ball python.
You constrict the ball python. The ball python barely misses you.
The ball python closely misses you.
You tentacle-slap the ball python.
You kill the ball python!
No target in view!
You pick up a book of Minor Magic and begin reading...
You add the spells Blink and Call Imp to your library.
Magic restored.
A goblin comes into view. It is wielding a +0 dagger.
Found a potion of magic and 6 stones.
The helpless goblin fails to defend itself.
You tentacle-slap the goblin. Your grab misses the goblin.
The goblin is moderately wounded.
The goblin hits you with a +0 dagger.
You barely miss the goblin. Your grab misses the goblin.
The goblin is moderately wounded.
The goblin hits you with a +0 dagger.
You closely miss the goblin. Your grab misses the goblin.
The goblin is moderately wounded.
The goblin hits you with a +0 dagger.
You tentacle-slap the goblin. You grab the goblin.
The goblin is severely wounded.
You constrict the goblin.
You kill the goblin!
You see here a +0 dagger.
d - a +0 dagger (weapon)
a - 2 potions of magic (gained 1)
Found 10 gold pieces.
You see here 6 stones.
e - 6 stones You now have 28 gold pieces (gained 10).
Found a stone staircase leading down.
A frilled lizard comes into view.
A frilled lizard comes into view.
The helpless frilled lizard fails to defend itself.
You puncture the frilled lizard!
You kill the frilled lizard!
The frilled lizard hisses angrily.
The frilled lizard completely misses you.
You closely miss the frilled lizard. Your grab misses the frilled lizard.
The frilled lizard bites you.
You closely miss the frilled lizard. Your grab misses the frilled lizard.
The frilled lizard closely misses you.
You hit the frilled lizard.
You kill the frilled lizard!
You see here a frilled lizard corpse.
HP restored.
There is a stone staircase leading down here.
You climb downwards.
Found a scroll labelled NOSYIR RYUHE and a book of Winter.
There is a stone staircase leading up here.
The helpless kobold fails to defend itself.
You hit the kobold. You grab the kobold.
The kobold is severely wounded.
You constrict the kobold.
You kill the kobold!
Found an escape hatch in the ceiling.
The frilled lizard hisses angrily.
You miss the frilled lizard.
The endoplasm quivers.
Your grab misses the frilled lizard. Your squeeze misses the frilled lizard.
The frilled lizard barely misses you.
The endoplasm attacks as it pursues you!
The endoplasm misses you.
Cast which spell? (? or * to list)
Okay, then.
You hit the endoplasm but do no damage. The endoplasm freezes you.
You are frozen.
You hit the endoplasm.
The endoplasm is moderately wounded.
The endoplasm hits you.
You hit the endoplasm.
The endoplasm is heavily wounded.
The endoplasm hits you.
You barely miss the endoplasm.
The endoplasm is heavily wounded.
The endoplasm freezes you.
You are frozen.
* * * LOW HITPOINT WARNING * * *
Cast which spell? (? or * to list)
Aiming: Magic Dart (safe; 2% risk of failure)
Press: ? - help, Shift-Dir - straight line, f - endoplasm
Aim: an endoplasm (heavily wounded, 100% to hit)
The magic dart hits the endoplasm.
You kill the endoplasm!
Training target 3.0 for Stealth reached!
Your Stealth skill increases to level 3!
You have reached level 2!
Cast which spell? (? or * to list)
Aiming: Magic Dart (safe; 2% risk of failure)
Press: ? - help, Shift-Dir - straight line, f - frilled lizard
Aim: a frilled lizard (100% to hit)
The magic dart hits the frilled lizard.
You kill the frilled lizard!
You see here a frilled lizard corpse.
There is a stone staircase leading up here.
A goblin comes into view. It is wielding a +0 dagger.
Cast which spell? (? or * to list)
Aiming: Magic Dart (safe; 2% risk of failure)
Press: ? - help, Shift-Dir - straight line, f - goblin
Aim: a goblin, wielding a +0 dagger (asleep, 100% to hit)
The magic dart hits the goblin.
The goblin is heavily wounded.
Cast which spell? (? or * to list)
Aiming: Magic Dart (safe; 2% risk of failure)
Press: ? - help, Shift-Dir - straight line, f/p - goblin
Aim: a goblin, wielding a +0 dagger (heavily wounded, 100% to hit)
The magic dart hits the goblin.
You kill the goblin!
A goblin comes into view. It is wielding a +0 dagger.
Found a smoky golden potion.
A goblin and a hobgoblin come into view.
The goblin is wielding a +0 dagger of flaming.
The goblin shouts!
The hobgoblin shouts!
You hear a shout! x3
A goblin comes into view. It is wielding a +0 club.
You see here a scroll labelled NOSYIR RYUHE.
f - a scroll labelled NOSYIR RYUHE Robin of the Strong Arm comes into view.
They are wielding a +1 trident of venom.
You see here a book of Winter.
You pick up a book of Winter and begin reading...
You add the spells Ozocubu's Armour, Metabolic Englaciation and Sculpt Simulacrum to your library. 2 goblins come into view.
The hobgoblin misses you.
A goblin comes into view. It is wielding a +0 dagger.
There is a stone staircase leading up here.
The goblin hits you with a +0 club. The hobgoblin misses you.
The goblin hits you but does no damage.
You climb upwards.
There is a stone staircase leading down here.
Press: ? - help, v - describe, . - travel
Here: a goblin, wielding a +0 dagger of flaming The floor.
The hobgoblin hits you.
* * * LOW HITPOINT WARNING * * *
Unknown command.
The goblin attacks as it pursues you! The goblin barely misses you.
Cast which spell? (? or * to list)
Aiming: Magic Dart (safe; 2% risk of failure)
Press: ? - help, Shift-Dir - straight line, f - goblin
Aim: a goblin, wielding a +0 club (100% to hit)
Okay, then.
You hit the goblin. You grab the goblin. You squeeze the goblin.
You kill the goblin!
You closely miss the goblin. Your grab misses the goblin.
The goblin hits you with a +0 dagger of flaming.
* * * LOW HITPOINT WARNING * * *
The goblin burns you.
* * * LOW HITPOINT WARNING * * *
Hit: d) +0 dagger
Press: ? - help, Dir - move target, f - goblin
Aim: a goblin, wielding a +0 dagger of flaming (about 47% to evade your +0 dagger)
You closely miss the goblin. Your grab misses the goblin.
The goblin barely misses you.
Hit: d) +0 dagger
Press: ? - help, Dir - move target, f/p - goblin
Aim: a goblin, wielding a +0 dagger of flaming (about 47% to evade your +0 dagger)
You closely miss the goblin. Your grab misses the goblin.
The goblin hits you with a +0 dagger of flaming.
* * * LOW HITPOINT WARNING * * *
The goblin burns you.
* * * LOW HITPOINT WARNING * * *
Hit: d) +0 dagger
Press: ? - help, Dir - move target, f/p - goblin
Aim: a goblin, wielding a +0 dagger of flaming (about 47% to evade your +0 dagger)
You hit the goblin.
You kill the goblin!
Hit: d) +0 dagger
Press: ? - help, Dir - move target, f - hobgoblin
Aim: a hobgoblin (about 40% to evade your +0 dagger)
You hit the hobgoblin. You grab the hobgoblin. You squeeze the hobgoblin.
You kill the hobgoblin!
Items here: )) ††.
Your +0 dagger of flaming bursts into flame!
g - a +0 dagger of flaming (weapon)
You drop a +0 dagger.
Magic restored.
A ball python comes into view.
The helpless ball python fails to defend itself.
You puncture the ball python! You burn the ball python.
You kill the ball python!
You see here a ball python corpse.
An endoplasm comes into view.
Found a ring mail.
The helpless endoplasm fails to defend itself.
You puncture the endoplasm! You burn the endoplasm.
You kill the endoplasm!
Your Fighting skill increases to level 1!
Found 2 stones.
Found 5 gold pieces.
HP restored.
e - 8 stones (gained 2)
You now have 33 gold pieces (gained 5).
A jackal comes into view.
Found a scroll labelled NICSYXKE DONET.
A jackal is nearby!
A jackal comes into view.
The helpless jackal fails to defend itself.
You hit the jackal. You burn the jackal.
You kill the jackal!
The jackal barks!
You hear a shout!
The jackal bites you.
A goblin comes into view. It is wielding a +0 dagger.
The jackal misses you.
The goblin shouts!
You hit the jackal. You burn the jackal. Your grab misses the jackal.
The jackal is heavily wounded.
The jackal barely misses you.
You hit the jackal but do no damage. You grab the jackal.
You squeeze the jackal.
You kill the jackal!
A gnoll comes into view. It is wielding a +0 spear.
A frilled lizard comes into view.
Cast which spell? (? or * to list)
Aiming: Magic Dart (safe; 2% risk of failure)
Press: ? - help, Shift-Dir - straight line, f - goblin
Aim: a goblin, wielding a +0 dagger (100% to hit)
The magic dart hits the goblin.
You kill the goblin!
The frilled lizard hisses angrily.
Cast which spell? (? or * to list)
Aiming: Magic Dart (safe; 2% risk of failure)
Press: ? - help, Shift-Dir - straight line, f - gnoll
Aim: a gnoll, wielding a +0 spear (100% to hit)
The magic dart hits the gnoll.
The gnoll is lightly wounded.
The gnoll hits you from afar with a +0 spear.
Cast which spell? (? or * to list)
Aiming: Magic Dart (safe; 2% risk of failure)
Press: ? - help, Shift-Dir - straight line, f/p - gnoll
Aim: a gnoll, wielding a +0 spear (lightly wounded, 100% to hit)
The magic dart hits the gnoll.
The gnoll is moderately wounded.
The gnoll hits you from afar with a +0 spear.
* * * LOW HITPOINT WARNING * * *
Cast which spell? (? or * to list)
Aiming: Magic Dart (safe; 2% risk of failure)
Press: ? - help, Shift-Dir - straight line, f/p - gnoll
Aim: a gnoll, wielding a +0 spear (moderately wounded, 100% to hit)
The magic dart hits the gnoll.
The gnoll is heavily wounded.
The gnoll closely misses you.
Cast which spell? (? or * to list)
Aiming: Magic Dart (safe; 2% risk of failure)
Press: ? - help, Shift-Dir - straight line, f/p - gnoll
Aim: a gnoll, wielding a +0 spear (heavily wounded, 100% to hit)
The magic dart hits the gnoll.
The gnoll is severely wounded.
The gnoll closely misses you.
You aren't carrying any items that you can evoke.
Unknown command.
The gnoll attacks as it pursues you! The gnoll barely misses you.
You see here a jackal corpse.
The gnoll attacks as it pursues you!
The gnoll hits you from afar with a +0 spear.
* * * LOW HITPOINT WARNING * * *
Cast which spell? (? or * to list)
Aiming: Magic Dart (safe; 2% risk of failure)
Press: ? - help, Shift-Dir - straight line, f/p - gnoll
Aim: a gnoll, wielding a +0 spear (severely wounded, 100% to hit)
The magic dart hits the gnoll.
The gnoll is severely wounded.
The gnoll barely misses you. The gnoll attacks as it pursues you!
The gnoll closely misses you. The gnoll attacks as it pursues you!
The gnoll hits you from afar with a +0 spear.
You die...

#.. . #.....#.#....
#.####.#.....#+#.... #
#)...#.#.#.#.....#.. #?
#..#.#...........# #
#.##......#.........#
...
##.#...†.#.#.#..#......#
....
........##.#.#.........#
....
...........#...........#
....
#.......####@..#.#.....#
....
#.......l.g..#.........#
#...
#...########.#..##.....
..## #... ..#.......# .#
# ### ##.######### #.#
#.# # #.. ###


You could see a gnoll and a frilled lizard.

Vanquished Creatures
  A bat (D:1)
  2 endoplasms
  5 goblins
  A hobgoblin (D:1)
  2 jackals (D:1)
  A kobold (D:2)
  2 ball pythons (D:1)
  3 frilled lizards
17 creatures vanquished.

Notes
Turn   | Place    | Note
-------+----------+-------------------------------------------
     0 | D:1      | jagoly the Octopode Conjurer began the quest for the Orb.
     0 | D:1      | Reached XP level 1. HP: 11/11 MP: 3/3
   217 | D:2      | Reached XP level 2. HP: 8/18 MP: 3/5
   227 | D:2      | Noticed Robin
   301 | D:1      | Reached skill level 1 in Fighting
   352 | D:1      | Slain by a gnoll

Illustrated notes

Levels and vault maps discovered:
D:1:      lemuel_arrival_muddy, layout_basic, minmay_misc_feat_five
D:2:      minmay_spotlight, layout_rooms, serial_shops, shop,
          minmay_parallelograms, uniq_jessica, uniq_robin

Skill      XL: |  1  2 |
---------------+-------+-----
Stealth        | 3 |  3.0
Fighting       | 1 |  1.1
Dodging        | |  2.0
Spellcasting   | |  2.0
Conjurations   | |  4.4

Action                     || total
---------------------------++-------
  Melee: Dagger            ||    21
         Unarmed           ||     9
         Constrict         ||     7
         Tentacles         ||     3
   Cast: Magic Dart        ||    12
   Stab: Sleeping          ||     6
 Armour: Skin              ||    19
  Dodge: Dodged            ||    22
